AoeStats
← 村中一匹狼

Baltic

510533353Analyzed
4v4 RM · 1d ago on Oct 1, 2026· 49m 21s· 8 players
Game mode
Random Map
Map size
Large (8 player)
Population
200
Speed
Normal
Resources
Standard
Victory
Conquest
Starting age
Dark Age
Ending age
Imperial Age
RankedLock teamsTeams togetherTeam positionsShared explorationLock speedFull tech treeHidden civsTurbo modeCheats
Victory
Defeat
🇷🇺 Saracens · Russia
965
+9
🇷🇺 Wei · Russia
916
+11
🇷🇺 Khmer · Russia
888
+12
🇷🇺 Varangians · Russia
841
+14
🇨🇳 Spanish · China
899
-16
🇨🇳 Vietnamese · China
844
-13
🇨🇴 Franks · Colombia
766
-10
🇩🇪 Persians · Germany
668
-7
LtGalo
0:29 Loom
13:24 Feudal Age
14:09 Double-Bit Axe
16:20 Town Watch
22:47 Castle Age
20:43 Gold Mining
20:47 Stone Mining
22:47 Fletching
25:01 Wheelbarrow
25:35 Forging
25:22 Bodkin Arrow
30:36 Hand Cart
30:19 Murder Holes
King_LA14
1:18 Loom
15:36 Feudal Age
16:30 Horse Collar
16:39 Double-Bit Axe
39:48 Gold Mining
499557901
12:26 Feudal Age
15:20 Loom
15:27 Double-Bit Axe
26:47 Castle Age
24:59 Horse Collar
30:34 Stone Mining
30:35 Gold Mining
31:18 Elite Skirmisher
32:07 Thumb Ring
34:14 Wheelbarrow
33:28 Town Watch
34:17 Fletching
34:59 Bow Saw
40:11 Bodkin Arrow
40:23 Scale Barding Armor
40:29 Forging
40:20 Padded Archer Armor
40:53 Hand Cart
村中一匹狼
3:48 Loom
11:34 Feudal Age
13:25 Fishing Lines
15:00 Double-Bit Axe
18:09 Castle Age
19:22 Medium Warships
24:44 Gillnets
28:11 Imperial Age
27:41 Careening
27:42 Clinker Construction
28:07 Gold Mining
28:08 Stone Mining
30:38 Chemistry
31:49 Elite Cannon Galleon
32:47 Elite Conquistador
33:48 Conscription
35:47 Conscription
37:13 Stone Shaft Mining
38:41 Scale Barding Armor
38:47 Forging
39:31 Ballistics
bagelbi777
6:19 Loom
12:45 Feudal Age
20:15 Castle Age
19:06 Horse Collar
19:14 Double-Bit Axe
22:35 Scale Barding Armor
27:48 Chain Barding Armor
30:33 Bloodlines
35:56 Wheelbarrow
39:02 Imperial Age
37:06 Town Watch
38:50 Hand Cart
39:42 Husbandry
41:13 Forging
41:33 Bow Saw
42:44 Elite Mameluke
44:05 Iron Casting
47:28 Heavy Plow
48:36 Two-Man Saw
POL POT
0:50 Loom
14:34 Feudal Age
15:29 Double-Bit Axe
16:41 Wheelbarrow
25:27 Fletching
25:37 Padded Archer Armor
26:59 Town Watch
27:59 Padded Archer Armor
28:48 Horse Collar
32:16 Castle Age
30:19 Fishing Lines
32:51 Stone Mining
32:52 Gold Mining
36:08 Medium Warships
36:40 Heavy Plow
41:41 Hand Cart
41:18 Vendel Legacy
44:55 Imperial Age
42:23 Gillnets
45:36 Elite Longship
46:50 Leather Archer Armor
46:30 Bodkin Arrow
46:44 Town Patrol
48:04 Ballistics
49:45 Chemistry
49:52 Heavy Warships
49:48 Bow Saw
50:15 Crop Rotation
BARON UNGERN
0:38 Loom
16:25 Feudal Age
18:22 Double-Bit Axe
21:11 Castle Age
19:18 Fishing Lines
20:54 Stone Mining
20:58 Gold Mining
20:50 Horse Collar
22:17 Bow Saw
22:11 Heavy Plow
30:42 Caravan
30:52 Scale Barding Armor
35:14 Imperial Age
34:02 Wheelbarrow
34:49 Gold Shaft Mining
34:50 Stone Shaft Mining
34:51 Chain Barding Armor
34:42 Forging
34:47 Bloodlines
34:37 Husbandry
35:34 Hand Cart
35:19 Elite Battle Elephant
36:22 Conscription
37:29 Plate Barding Armor
37:30 Iron Casting
36:50 Town Watch
37:57 Town Patrol
41:00 Blast Furnace
48:32 Medium Warships
47:49 Demolition Ship
49:56 Heavy Warships
tleyberd
3:41 Loom
13:37 Feudal Age
14:33 Double-Bit Axe
20:56 Castle Age
18:59 Horse Collar
19:01 Fishing Lines
25:22 Heavy Plow
27:43 Wheelbarrow
28:09 Bow Saw
28:35 Stone Mining
28:36 Gold Mining
28:45 Gold Mining
30:45 Caravan
31:03 Hand Cart
31:31 Tuntian
35:42 Imperial Age
33:37 Scale Barding Armor
33:44 Forging
33:46 Bloodlines
33:37 Husbandry
33:50 Town Watch
34:55 Chain Barding Armor
35:11 Iron Casting
35:17 Stone Shaft Mining
35:18 Gold Shaft Mining
35:14 Town Patrol
35:57 Husbandry
37:02 Ballistics
36:34 Heated Shot
37:25 Ming Guang Armor
37:21 Conscription
36:23 Elite Tiger Cavalry
38:30 Blast Furnace
37:22 Fletching
47:21 Murder Holes
48:28 Chemistry
47:40 Careening
47:40 Clinker Construction
47:41 Fortified Wall
47:22 Guard Tower
47:43 Masonry
47:41 Scale Mail Armor
47:41 Padded Archer Armor
47:36 Bodkin Arrow
47:07 Light Cavalry
47:09 Heavy Hei Guang Cavalry
47:52 Squires
47:37 Arson
47:13 Pikeman
47:14 Man-at-Arms
49:00 Treadmill Crane
49:42 Chain Mail Armor
Connection lost

Rejoining the realm…

Still unreachable

The connection could not be restored.

Session expired

The server has moved on; the page needs a fresh start.